 Dungeon Crawl Stone Soup version 0.14-a0-102-g2341383 (webtiles) character file.

3069 4tharraofdagon the Grappler (level 9, -7/77 (80) HPs)
             Began as a Troll Earth Elementalist on Oct 2, 2013.
             Was a Believer of Makhleb.
             Mangled by a wyvern (12 damage)
             ... on Level 8 of the Dungeon.
             The game lasted 00:15:53 (2769 turns).

4tharraofdagon the Grappler (TrEE)                  Turns: 2769, Time: 00:15:53

HP  -7/77 (80)   AC  8     Str 18      XL: 9   Next: 50%
MP  11/13        EV  9     Int 14      God: Makhleb [**....]
Gold 139         SH  0     Dex 10      Spells:  3 memorised,  6 levels left

Res.Fire  : . . .   See Invis. : .     - Unarmed
Res.Cold  : . . .   Warding    : .   c - +0 robe
Life Prot.: . . .   Conserve   : .   (shield restricted)
Res.Poison: .       Res.Corr.  : .   (helmet restricted)
Res.Elec. : .       Clarity    : .   (no cloak)
Sust.Abil.: . .     Spirit.Shd : .   (gloves unavailable)
Res.Mut.  : .       Stasis     : .   (boots unavailable)
Res.Rott. : .       Flight     : .   (no amulet)
Gourmand  : +                        (no ring)
                                     s - ring of wizardry

@: stone skin, slightly resistant to hostile enchantments, unstealthy
A: unfitting armour, claws 3, fast metabolism 3, gourmand, regeneration 2,
saprovore 2, tough skin 2, AC +1
a: Minor Destruction, Renounce Religion


You were on level 8 of the Dungeon.
You worshipped Makhleb.
Makhleb was pleased with you.
You were completely stuffed.

You visited 2 branches of the dungeon, and saw 9 of its levels.

You collected 190 gold pieces.
You spent 71 gold pieces at shops.

Inventory:

Missiles
 b - 138 stones (quivered)
 r - 2 poisoned darts
Armour
 c - a +0 robe (worn)
Magical devices
 t - a wand of polymorph (0)
 G - a wand of cold (9)
 I - a wand of random effects (8)
Comestibles
 a - 4 meat rations
 g - 2 chokos
 j - a beef jerky
 o - a sausage
 u - an apple
 x - 2 pears
 A - a bread ration
 D - 18 cheeses
Scrolls
 h - 2 scrolls of amnesia {unknown}
 i - a scroll of blinking
 l - a scroll of enchant armour {unknown}
 m - a scroll of noise {unknown}
 q - a scroll of enchant weapon I {unknown}
 y - 2 scrolls of fear {unknown}
 C - a scroll of fog {unknown}
 E - a scroll of magic mapping {unknown}
Jewellery
 s - a ring of wizardry (left claw)
Potions
 e - a potion of resistance
 f - 2 potions of paralysis
 k - a potion of might
 v - a potion of curing
 w - a potion of brilliance
 z - a potion of restore abilities
 B - a potion of cure mutation
 F - 3 potions of poison
 H - 2 potions of speed {unknown}
Books
 d - a book of Geomancy

   Spells                             Type                      Level
   *Sandblast                         Earth                        1
   *Stoneskin                         Transmutation/Earth          2
   Passwall                           Transmutation/Earth          3
   Stone Arrow                        Conjuration/Earth            3
   Petrify                            Transmutation/Earth          4
   *Lee's Rapid Deconstruction        Earth                        5


   Skills:
 + Level 5.2 Fighting
 - Level 1.5 Dodging
 - Level 1.1 Stealth
 * Level 9.0 Unarmed Combat
 + Level 3.2 Spellcasting
 - Level 0.6 Transmutations
 + Level 5.5 Earth Magic


You had 6 spell levels left.
You knew the following spells:

 Your Spells              Type           Power        Failure   Level  Hunger
a - Sandblast             Erth           ###...       1%          1    #......
b - Stoneskin             Trmt/Erth      ##........   4%          2    ##.....
c - Lee's Rapid Deconstr  Erth           ###.......   36%         5    ######.


Dungeon Overview and Level Annotations

Branches:
Dungeon (8/27)             Temple (1/1) D:6             Orc (0/4) D:6
   Lair: D:8-13

Altars:
Ashenzari
Cheibriados
Elyvilon
Fedhas
Kikubaaqudgha
Makhleb
Nemelex Xobeh
Okawaru
Sif Muna
Trog
Vehumet
Xom
Yredelemnul
Zin
the Shining One

Shops:
D:4 !


Innate Abilities, Weirdness & Mutations

You are too large for most types of armour.
You have claws for hands.
Your metabolism is lightning-fast.
You like to eat raw meat.
You heal very quickly.
You can eat rotten meat.
You are covered in fur (AC +1).
You have very tough skin (AC +2).


Message History

You feel much better. The wyvern bites you.
You barely miss the wyvern. The wyvern bites you. The wyvern bites you!
You closely miss the wyvern.
The wyvern bites you but does no damage.
You barely miss the wyvern. The wyvern closely misses you.
You mangle the wyvern!!
The wyvern begins to bleed from its wounds!
The wyvern is severely wounded.
The wyvern bites you!
* * * LOW HITPOINT WARNING * * *
Unknown command.
You hit the wyvern.
The wyvern is almost dead.
The wyvern bites you.
* * * LOW HITPOINT WARNING * * *
Unknown command.
You barely miss the wyvern.
The wyvern is almost dead.
The wyvern bites you!
You die...

#<......................
#.....#.####.#.#####....
#####.#)# #.#.# #.#.#
#.#.# #####.#.# #.#.#
#.......# #.#.#
#.......####.#.#######
#..<...................
#......@..............
#......D####.#...#####
#.......# #.#...#
######### #.#...#
#.....# #######


You could see a wyvern (bleeding).

Vanquished Creatures
  Pikel (D:6)
  Grinder (D:3)
  Edmund (D:6)
  A necrophage (D:8)
  A phantom (D:5)
  A slave (D:6)
  2 sky beasts (D:5)
  2 ice beasts
  3 orc warriors
  7 ogres
  2 giant frogs
  A killer bee (D:7)
  An orc priest (D:5)
  3 worker ants
  7 orc wizards
  An orange rat (D:7)
  A scorpion (D:5)
  Jessica (D:3)
  3 green rats (D:7)
  4 adders
  A giant mite (D:7)
  2 worms
  4 grey rats (D:7)
  An iguana skeleton (D:7)
  A giant eyeball (D:7)
  3 giant geckos
  23 orcs
  7 bats
  2 giant cockroaches (D:1)
  6 goblins
  11 hobgoblins
  4 jackals
  5 kobolds
  6 giant newts
  A quokka zombie (D:5)
  9 rats
130 creatures vanquished.

Notes
Turn   | Place    | Note
--------------------------------------------------------------
     0 | D:1      | 4tharraofdagon, the Troll Earth Elementalist, began the quest for the Orb.
     0 | D:1      | Reached XP level 1. HP: 16/16 MP: 3/3
    49 | D:1      | Reached skill level 1 in Unarmed Combat
   117 | D:1      | Reached XP level 2. HP: 12/24 MP: 3/3
   310 | D:3      | Noticed Jessica
   315 | D:3      | Killed Jessica
   315 | D:3      | Reached skill level 1 in Fighting
   315 | D:3      | Reached XP level 3. HP: 31/31 MP: 4/4
   410 | D:3      | Noticed a giant frog
   459 | D:3      | Paralysed by a potion of paralysis for 5 turns
   488 | D:3      | Killed a giant frog
   488 | D:3      | Reached skill level 3 in Unarmed Combat
   488 | D:3      | Reached XP level 4. HP: 17/39 MP: 5/5
   527 | D:3      | Noticed Grinder
   535 | D:3      | Paralysed by Grinder for 6 turns
   602 | D:3      | Killed Grinder
   602 | D:3      | Reached skill level 5 in Unarmed Combat
   602 | D:3      | Reached XP level 5. HP: 10/46 MP: 1/5
   602 | D:3      | Reached XP level 6. HP: 11/55 MP: 1/6
   629 | D:3      | Learned a level 2 spell: Stoneskin
   825 | D:4      | Found Qybicz Tacva's Distillery.
   837 | D:4      | Bought a potion of brilliance for 32 gold pieces
   837 | D:4      | Bought a potion of heal wounds for 39 gold pieces
   940 | D:4      | Reached XP level 7. HP: 32/62 MP: 4/7
   967 | D:4      | Learned a level 5 spell: Lee's Rapid Deconstruction
  1092 | D:5      | Entered Level 5 of the Dungeon
  1197 | D:5      | Reached skill level 6 in Unarmed Combat
  1330 | D:5      | Reached XP level 8. HP: 40/71 MP: 8/8
  1541 | D:5      | Reached skill level 7 in Unarmed Combat
  1664 | D:6      | Found a staircase to the Orcish Mines.
  1778 | D:6      | Found a staircase to the Ecumenical Temple.
  1788 | Temple   | Entered the Ecumenical Temple
  1829 | Temple   | Became a worshipper of Makhleb the Destroyer
  2237 | D:7      | Acquired Makhleb's first power
  2314 | D:7      | Reached skill level 8 in Unarmed Combat
  2349 | D:7      | Reached skill level 5 in Earth Magic
  2349 | D:7      | Reached XP level 9. HP: 41/80 MP: 9/12
  2540 | D:6      | Noticed Edmund
  2558 | D:6      | Killed Edmund
  2558 | D:6      | Acquired Makhleb's second power
  2583 | D:6      | Noticed Pikel
  2604 | D:6      | Killed Pikel
  2604 | D:6      | Reached skill level 5 in Fighting
  2710 | D:8      | Reached skill level 9 in Unarmed Combat
  2769 | D:8      | Mangled by a wyvern

Action                   |  1- 3 |  4- 6 |  7- 9 || total
-------------------------+-------+-------+-------++-------
Melee: Unarmed           |    84 |    62 |   396 ||   542
Throw: Stone             |     1 |       |       ||     1
 Cast: Sandblast         |       |     6 |       ||     6
       Stoneskin         |       |     2 |    26 ||    28
Evoke: Wand              |       |       |     1 ||     1
  Use: Potion            |     2 |     1 |     3 ||     6
       Scroll            |       |       |     6 ||     6
 Stab: Sleeping          |     1 |       |     1 ||     2
